 Dungeon Crawl Stone Soup version 0.29.0-11-gd7f09526c8 (webtiles) character file.

Game seed: 331774083572460146

938 concernfroge the Trooper (level 7, -2/59 HPs)
             Began as a Mummy Monk on Sept 4, 2022.
             Slain by a two-headed ogre
             ... wielding a +0 giant spiked club
              (23 damage)
             ... on level 6 of the Dungeon.
             The game lasted 00:15:19 (5455 turns).

concernfroge the Trooper (Mummy Monk)               Turns: 5455, Time: 00:15:20

Health: -2/59      AC: 11    Str: 17    XL:     7   Next: 87%
Magic:  7/7        EV:  7    Int:  9    God:
Gold:   235        SH:  5    Dex: 14    Spells: 6/6 levels left

rFire   . . .      SeeInvis .   i - +10 sling of Arbitration {venom, Will+}
rCold   + . .      Faith    .   (no shield)
rNeg    + + +      Spirit   .   u - +0 chain mail
rPois   ∞          Reflect  +   x - +0 helmet
rElec   .          Harm     .   v - +0 cloak
rCorr   .          Rampage  .   n - +0 pair of gloves
Will    .....                   (no boots)
Stlth   ..........              r - amulet of reflection
HPRegen 0.19/turn               w - ring of protection from fire
MPRegen 0.10/turn               (no ring)

@: weak-willed
A: cold resistance 1, negative energy resistance 3, torment resistance 2, heat
vulnerability 1, in touch with death 1, no potions
a: no special abilities


You were on level 6 of the Dungeon.
You visited 1 branch of the dungeon, and saw 6 of its levels.

You collected 235 gold pieces.

Inventory:

Hand Weapons
 i - the +10 sling of Arbitration (weapon) {venom, Will+}
   (You found it on level 2 of the Dungeon)

   Any ammunition fired from it poisons the flesh of those it strikes.
   Will:      It increases your willpower.
Missiles
 a - 6 curare-tipped darts
 l - a throwing net
 s - 4 javelins
Armour
 n - a +0 pair of gloves (worn)
 u - a +0 chain mail (worn)
 v - a +0 cloak (worn)
 x - a +0 helmet (worn)
Jewellery
 r - an amulet of reflection (around neck)
 w - a ring of protection from fire (left hand)
Wands
 c - a wand of iceblast (5)
 p - a wand of paralysis (4)
 t - a wand of quicksilver (12)
Scrolls
 b - 2 scrolls of immolation
 d - 2 scrolls of blinking
 e - a scroll of enchant armour
 f - a scroll of poison
 g - 4 scrolls of butterflies
 h - 3 scrolls of teleportation
 q - 2 scrolls of enchant weapon {unknown}


   Skills:
 + Level 6.8 Fighting
 - Level 4.0 Polearms
 + Level 4.3 Ranged Weapons
 - Level 2.4 Dodging
 - Level 1.5 Stealth


You had 6 spell levels left.
You didn't know any spells.
Your spell library contained the following spells:

 Spells                   Type           Power      Damage    Failure   Level
 Blink                    Tloc           0%         N/A       100%        2
 Static Discharge         Conj/Air       0%         3-3/arc   100%        2
 Lesser Beckoning         Tloc           0%         N/A       100%        3
 Dispel Undead            Necr           0%         3d6       100%        4
 Sticky Flame             Conj/Fire      0%         2d3       100%        4
 Manifold Assault         Tloc           0%         N/A       100%        5


Dungeon Overview and Level Annotations

Branches:
Dungeon (6/15)
 Temple: D:4-7

Altars:

Annotations:
D:4 3 runed translucent doors, GloriousHammer's ghost, amateur VSFi; RascalDebosk's ghost, amateur MiFi; VictoriousLee's ghost, amateur GrFi; iguanaiguana's ghost, novice DjCj


Innate Abilities, Weirdness & Mutations

You are immune to poison.
Your flesh is cold resistant. (rC+)
You are immune to negative energy. (rN+++)
You are immune to unholy pain and torment.
You are vulnerable to heat. (rF-)
You are in touch with the powers of death.
You do not drink.


Message History

q - 2 scrolls labelled TAQOCA DONIHIA (gained 1)
Found a stone staircase leading up.
As you read the scroll labelled DIMYNENGIYPH, it crumbles to dust.
It is a scroll of identify.
b - 2 scrolls of immolation
As you read the scroll of identify, it crumbles to dust.
d - 2 scrolls of blinking
As you read the scroll of identify, it crumbles to dust.
e - a scroll of enchant armour
As you read the scroll of identify, it crumbles to dust.
f - a scroll of poison
As you read the scroll of identify, it crumbles to dust.
g - 4 scrolls of butterflies
As you read the scroll of identify, it crumbles to dust.
h - 3 scrolls of teleportation
Okay, then.
A two-headed ogre comes into view.
It is wielding a +0 giant spiked club and a +0 giant club.
The two-headed ogre shouts in stereo!
Okay, then.
Aiming: Paralyse
Press: ? - help, Shift-Dir - straight line, f - two-headed ogre
Aim: a two-headed ogre, wielding a +0 giant spiked club and a +0 giant club (chance to affect: 31%)
Okay, then.
As you read the scroll labelled POYDOEC FOMUP, it crumbles to dust.
It is a scroll of amnesia.
You feel forgetful for a moment. The two-headed ogre barely misses you.
The two-headed ogre hits you with a +0 giant club!
As you read the scroll labelled PEUNUOXOCOSS, it crumbles to dust.
You feel a surge of unholy energy.
The two-headed ogre convulses!
It was a scroll of torment.
As you read the scroll labelled SAQAOL GEPU, it crumbles to dust.
Magic quickly surges around you.
It was a scroll of vulnerability.
The two-headed ogre closely misses you.
The two-headed ogre hits you with a +0 giant club!!
Aiming: Paralyse
Press: ? - help, Shift-Dir - straight line, f - two-headed ogre
Aim: a two-headed ogre, wielding a +0 giant spiked club and a +0 giant club (heavily wounded, weak-willed, chance to affect: 49%)
The two-headed ogre resists with some effort.
The two-headed ogre hits you with a +0 giant spiked club!!
You die...

#... #..#
##..######
......O.#
#..####@###.#
#..##......#
#..##.###<##
#.....# ##
#.###.# #.#
#...
#.###.#####.#
#...........#
#####.#######


You could see a two-headed ogre (weak-willed).

Vanquished Creatures
  An ogre (D:5)
  2 centaurs
  A phantom (D:5)
  2 scorpions
  A wight (D:5)
  2 jellies (D:6)
  A hound (D:4)
  Crazy Yiuf (D:5)
  An iguana (D:5)
  Ijyb (D:5)
  An orc wizard (D:3)
  3 gnolls (D:4)
  12 adders
  An ufetubus (D:5)
  3 worms
  2 dart slugs
  13 orcs
  2 ball pythons
  5 endoplasms
  4 giant cockroaches
  6 goblins
  7 hobgoblins
  2 jackals (D:3)
  6 quokkas
  9 bats
  6 frilled lizards
  A kobold (D:3)
  7 rats
103 creatures vanquished.

Vanquished Creatures (others)
  2 withered plants (D:4)
2 creatures vanquished.

Grand Total: 105 creatures vanquished

Notes
Turn   | Place    | Note
-------+----------+-------------------------------------------
     0 | D:1      | concernfroge the Mummy Monk began the quest for the Orb.
     0 | D:1      | Reached XP level 1. HP: 18/18 MP: 1/1
   314 | D:1      | Reached XP level 2. HP: 23/24 MP: 2/2
  1079 | D:2      | Gained mutation: You are in touch with the powers of death.
                  | [Mummy growth]
  1079 | D:2      | Reached XP level 3. HP: 29/29 MP: 3/3
  1192 | D:2      | Identified the +10 sling of Arbitration {venom, Will+}
  1331 | D:2      | Found a faded altar of an unknown god.
  1776 | D:3      | Reached XP level 4. HP: 36/36 MP: 4/4
  2327 | D:3      | Reached skill level 4 in Fighting
  2506 | D:4      | Reached XP level 5. HP: 42/42 MP: 5/5
  2521 | D:4      | Reached skill level 1 in Ranged Weapons
  2795 | D:4      | Reached XP level 6. HP: 46/50 MP: 6/6
  2858 | D:4      | Reached skill level 5 in Fighting
  3152 | D:4      | Found a runed translucent gate.
  3152 | D:4      | Noticed VictoriousLee's ghost (amateur GrFi)
  3154 | D:4      | Noticed RascalDebosk's ghost (amateur MiFi)
  3155 | D:4      | Found a runed translucent gate.
  3155 | D:4      | Found a runed translucent gate.
  3156 | D:4      | Noticed GloriousHammer's ghost (amateur VSFi)
  3156 | D:4      | Noticed iguanaiguana's ghost (novice DjCj)
  3641 | D:5      | Entered Level 5 of the Dungeon
  3859 | D:5      | Noticed Ijyb
  3860 | D:5      | Paralysed by Ijyb for 3 turns
  3867 | D:5      | Killed Ijyb
  3868 | D:5      | Reached XP level 7. HP: 57/57 MP: 7/7
  3902 | D:5      | Reached skill level 6 in Fighting
  4443 | D:5      | Found a runed translucent door.
  4444 | D:5      | Noticed Crazy Yiuf
  4450 | D:5      | Killed Crazy Yiuf
  5451 | D:6      | Noticed a two-headed ogre
  5455 | D:6      | Slain by a two-headed ogre

Illustrated notes

Levels and vault maps discovered:
D:1:      dpeg_arrival_three_smaller_balls, layout_loops_ring,
          minmay_tetromino_s2
D:2:      wander_river, layout_basic, dreamdust_ecumenical_altar_statues,
          minmay_distorted
D:3:      layout_rooms, serial_corexii_hall, chequers_hall_statues_y,
          chequers_hall_statues_wall_a, grunt_ministairs_11,
          hangedman_decor_growths, kennysheep_nub,
          minmay_misc_feat_secret_circle
D:4:      layout_basic, gammafunk_ghost_cemetery, minivault_25
D:5:      layout_basic, uniq_ijyb, uniq_crazy_yiuf_cottage
D:6:      layout_loops_ring, grunt_ministairs_2, uniq_maggie,
          uniq_prince_ribbit1

Skill      XL: |  1  2  3  4  5  6  7 |
---------------+----------------------+-----
Polearms       | 3 4 |  4.0
Fighting       | 4 5 6 |  6.8
Ranged Weapons | 2 3 4 |  4.3
Dodging        | |  2.4
Stealth        | |  1.5

Action                   |  1- 3 |  4- 6 |  7- 9 || total
-------------------------+-------+-------+-------++-------
Melee: Spear             |   167 |    45 |       ||   212
 Fire: Sling             |       |    99 |    43 ||   142
Evoke: Wand              |       |       |     3 ||     3
  Use: Scroll            |       |       |     9 ||     9
 Stab: Sleeping          |       |     1 |       ||     1
Armor: Ring mail         |    37 |    30 |       ||    67
       Chain mail        |       |       |    27 ||    27
Dodge: Dodged            |    88 |    28 |    22 ||   138
Block: Other             |       |       |    13 ||    13
